 Dungeon Crawl Stone Soup version 0.29.1-4-g47bece8355 (webtiles) character file.

Game seed: 6319156596651483995

7 KittyFluff the Trooper (level 2, -4/19 HPs)
             Began as a Gargoyle Berserker on Dec 2, 2022.
             Was a Follower of Trog.
             Slain by a goblin
             ... wielding a +0 hand axe
              (8 damage)
             ... on level 1 of the Dungeon.
             The game lasted 00:01:55 (335 turns).

KittyFluff the Trooper (Gargoyle Berserker)          Turns: 335, Time: 00:01:56

Health: -4/19      AC:  5    Str: 20    XL:     2   Next: 0%
Magic:  2/2        EV: 11    Int:  7    God:    Trog [*.....]
Gold:   0          SH:  0    Dex:  9    Spells: 1/1 levels left

rFire   . . .      SeeInvis +   a - +0 mace
rCold   . . .      Faith    .   (no shield)
rNeg    + . .      Spirit   .   b - +0 animal skin
rPois   ∞          Reflect  .   (no helmet)
rElec   +          Harm     .   (no cloak)
rCorr   .          Rampage  .   (no gloves)
Will    .....                   (no boots)
Stlth   +.........              e - amulet of the acrobat
HPRegen 0.06/turn               d - ring of see invisible
MPRegen 0.08/turn               (no ring)

@: no status effects
A: sickness immunity, AC +2, negative energy resistance 1, electricity
resistance, torment resistance 1, petrification resistance
a: Renounce Religion, Berserk


You were on level 1 of the Dungeon.
You worshipped Trog.
Trog was aware of your devotion.
You visited 1 branch of the dungeon, and saw 1 of its levels.

Inventory:

Hand Weapons
 a - a +0 mace (weapon)
Missiles
 c - 7 stones (quivered)
Armour
 b - a +0 animal skin (worn)
Jewellery
 d - a ring of see invisible (left hand)
 e - an amulet of the acrobat (around neck)


   Skills:
 + Level 3.5 Fighting
 + Level 3.1 Maces & Flails
 * Level 2.4 Armour
 + Level 1.6 Dodging


You had one spell level left.
You didn't know any spells.
Your spell library was empty.

Dungeon Overview and Level Annotations

Branches:
Dungeon (1/15)

Altars:


Innate Abilities, Weirdness & Mutations

You are immune to sickness and miasma.
Your stone body is resilient. (AC +2)
You are immune to poison.
You resist negative energy. (rN+)
You are resistant to electric shocks. (rElec)
You are resistant to unholy torment.
You are immune to petrification.


Message History

You throw a stone.
The stone hits the ball python but does no damage.
The ball python bites you. The ball python grabs you.
The ball python constricts you.
You closely miss the ball python. The ball python bites you.
The ball python constricts you.
You hit the ball python.
You kill the ball python!
Trog accepts your kill.
You have reached level 2!
The goblin drinks a potion.
The goblin seems to grow stronger.
A goblin comes into view. It is wielding a +0 club.
The goblin closely misses you.
The goblin shouts!
You hit the goblin.
The goblin is moderately wounded.
The goblin closely misses you. The goblin hits you with a +0 hand axe.
You barely miss the goblin.
The goblin is moderately wounded.
The goblin barely misses you.
You hit the goblin but do no damage.
The goblin is moderately wounded.
The goblin hits you but does no damage.
You barely miss the goblin.
The goblin is moderately wounded.
The goblin hits you but does no damage.
You miss the goblin.
The goblin is moderately wounded.
The goblin hits you but does no damage. The goblin barely misses you.
An endoplasm comes into view.
The goblin misses you.
You barely miss the goblin.
The endoplasm quivers.
The goblin hits you with a +0 club. The goblin barely misses you.
The goblin hits you but does no damage.
You barely miss the goblin. The goblin hits you with a +0 hand axe.
* * * LOW HITPOINT WARNING * * *
The goblin hits you but does no damage.
You hit the goblin but do no damage. The goblin hits you with a +0 hand axe!
You die...

#+###.#####.###+#≈≈~...
+ +.......'...+≈≈~.... +
##+###+##...+≈≈~....
#+#+#≈≈≈≈≈≈≈#+#+#≈≈~.)..
≈≈≈≈≈≈≈≈≈≈≈≈≈≈≈≈≈≈≈≈J...
≈≈≈≈≈≈≈≈≈≈≈≈≈≈≈≈≈≈≈~....
~≈~≈≈~~~~~≈≈≈~≈†~~~~....
........................
................@..?....
..##.###........gg......
..##.# #................
..##.# #................
........................
..##.###.........#......
..##.# #.........##.....
........# ####.


You could see an endoplasm and 2 goblins.

Vanquished Creatures
  2 ball pythons (D:1)
  A giant cockroach (D:1)
  A hobgoblin (D:1)
  A bat (D:1)
  A rat (D:1)
6 creatures vanquished.

Notes
Turn   | Place    | Note
-------+----------+-------------------------------------------
     0 | D:1      | KittyFluff the Gargoyle Berserker began the quest for the
                  | Orb.
     0 | D:1      | Reached XP level 1. HP: 14/14 MP: 1/1
   326 | D:1      | Reached XP level 2. HP: 13/19 MP: 2/2
   335 | D:1      | Slain by a goblin

Illustrated notes

Levels and vault maps discovered:
D:1:      dpeg_arrival_castle, layout_rooms, hellmonk_ecumenical_altar_run_dry,
          minmay_pentomino_x2

Action                   || total
-------------------------++-------
Melee: Mace              ||    27
Throw: Stone             ||     4
Invok: Berserk           ||     1
Armor: Animal skin       ||    15
Dodge: Dodged            ||    24
